Map: 로스트 앤 파운드 - 래더

Players

Solar - Winner!

  • Race: Zerg Zerg
  • League: Platinum
  • Spawn Location: 1:00

LiquidMaNa (MaNa)

  • Race: Protoss Protoss
  • League: Master
  • Spawn Location: 7:00

Event: HomeStory Cup XVIII

VOD

Have the link to the VOD?

Description

Time

  • Played on: Nov. 23, 2018, 1:35 p.m.
  • Length: 10:48

All games in this series

Show
View Real Time Build Order
Export as new Build Order

Solar Zerg - Winner!

Build Orders: Hatch First, Roach Hydra 

Get SALT Encoding   

  12  0:01  Drone  
  13  0:12  Overlord  
  13  0:17  Drone  
  14  0:31  Drone x2  
  16  0:47  Hatchery  
  15  0:51  Drone  
  15  0:55  Drone  
  17  0:58  Drone  
  18  1:05  Extractor  
  17  1:14  Spawning Pool  
  17  1:17  Drone  
  17  1:21  Drone  
  18  1:28  Drone  
  19  1:39  Drone  
  20  1:50  Hatchery  
  20  1:53  Drone  
  20  2:02  Queen  
  20  2:06  Drone  
  23  2:12  Metabolic Boost  
  23  2:15  Drone  
  24  2:19  Drone  
  25  2:23  Overlord  
  25  2:30  Queen  
  25  2:33  Zergling x2  
  28  2:41  Queen  
  28  2:42  Zergling x2  
  31  2:44  Drone  
  31  2:47  Drone  
  31  2:50  Drone  
  31  2:51  Drone  
  35  2:55  Drone  
  36  3:02  Queen  
  36  3:04  Overlord  
  38  3:06  Drone  
  38  3:08  Zergling x2  
  38  3:10  Zergling x2  
  41  3:13  Drone  
  41  3:16  Overlord  
  42  3:23  Queen  
  42  3:26  Drone x2  
  47  3:27  Drone  
  47  3:28  Drone  
  48  3:35  Spore Crawler  
  48  3:40  Drone x2, Spore Crawler  
  48  3:41  Drone x2  
  50  3:48  Overlord  
  50  3:49  Drone x2  
  50  3:50  Drone  
  50  3:52  Drone  
  50  3:53  Drone  
  55  3:56  Drone  
  55  3:57  Drone  
  58  4:02  Drone  
  58  4:06  Overlord  
  58  4:07  Overlord  
  58  4:12  Drone  
  58  4:20  Overlord  
  58  4:25  Drone x7, Lair  
  58  4:31  Drone x2  
  67  4:35  Roach Warren  
  67  4:37  Extractor x2, Drone  
  67  4:38  Zergling x4  
  66  4:39  Zergling x2  
  66  4:43  Zergling x2  
  66  4:44  Extractor, Zergling x4  
  69  4:46  Drone x2  
  69  4:50  Drone  
  69  4:51  Drone x3  
  75  4:54  Overlord  
  75  4:55  Drone  
  76  5:01  Drone  
  76  5:04  Extractor, Drone  
  77  5:08  Evolution Chamber  
  77  5:09  Drone x3  
  77  5:11  Drone  
  77  5:13  Overlord  
  80  5:15  Overlord  
  80  5:17  Roach x3  
  80  5:18  Roach  
  80  5:20  Drone x2  
  90  5:23  Glial Reconstitution  
  90  5:29  Overlord x2  
  90  5:33  Roach x2  
  94  5:39  Roach x2  
  94  5:40  Roach  
  94  5:42  Extractor  
  98  5:43  Zerg Missile Weapons Level 1, Drone  
  98  5:44  Drone, Hydralisk Den  
  98  5:47  Drone x2  
  98  5:48  Drone  
  98  5:49  Roach  
  104  5:52  Overlord  
  104  5:56  Overlord  
  103  5:58  Overlord  
  103  6:00  Overlord  
  103  6:01  Overseer  
  103  6:03  Overseer  
  102  6:05  Drone  
  102  6:06  Drone  
  102  6:07  Roach  
  106  6:16  Grooved Spines  
  106  6:22  Roach x2  
  110  6:27  Hatchery  
  109  6:34  Hydralisk x8  
  109  6:39  Overlord  
  125  6:43  Hydralisk x3  
  125  6:46  Overlord  
  131  6:49  Pneumatized Carapace  
  131  6:52  Hydralisk x2  
  132  6:56  Overlord  
  132  6:58  Overlord  
  132  7:02  Drone x3  
  135  7:14  Hydralisk x3  
  141  7:16  Extractor  
  141  7:20  Drone x5  
  145  7:23  Hydralisk x2  
  145  7:24  Hydralisk x2  
  145  7:27  Muscular Augments  
  153  7:30  Hydralisk  
  153  7:33  Hydralisk  
  153  7:36  Hydralisk x4  
  164  7:47  Overlord x2  
  164  7:48  Overlord  
  164  7:54  Hydralisk x3  
  164  7:55  Roach x2  
  174  8:00  Overlord  
  174  8:06  Hydralisk x4  
  174  8:12  Extractor  
  181  8:13  Infestation Pit  
  181  8:15  Drone x3  
  181  8:17  Hydralisk x2  
  181  8:18  Roach  
  188  8:21  Hydralisk  
  190  8:28  Roach x3  
  190  8:29  Roach x2  
  200  8:39  Lurker Den  
  200  8:40  Drone  
  200  8:56  Hatchery  
  200  8:57  Drone  
  200  9:01  Drone  
  200  9:02  Drone  
  198  9:09  Hydralisk x3  
  194  9:12  Hydralisk x3  
  195  9:19  Hive, Hydralisk x2  
  195  9:23  Hydralisk x2  
  177  9:24  Roach x2  
  177  9:25  Roach  
  177  9:26  Hydralisk x3  
  177  9:27  Roach  
  177  9:28  Roach  
  177  9:29  Roach  
  177  9:30  Roach x2  
  173  9:31  Hydralisk x3  
  173  9:32  Hydralisk  
  173  9:38  Roach x3  
  181  9:46  Hydralisk x2  
  181  9:48  Drone x2  
  181  9:52  Extractor  
  186  9:53  Zergling x8  
  186  9:55  Extractor  
  186  9:57  Hydralisk x2  
  193  10:03  Hydralisk x2  
  197  10:08  Roach  
  197  10:09  Roach  
  197  10:10  Hydralisk x2  
  199  10:15  Hydralisk  
Show
View Real Time Build Order
Export as new Build Order

LiquidMaNa Protoss 

Build Orders: 1 Gate Expand, Oracle Opening, Phoenix Opening, Archon Immortal, Archon Drop 

Get SALT Encoding   

  12  0:00  Probe  
  13  0:12  Probe  
  14  0:17  Pylon  
  14  0:24  Probe  
  15  0:32  Probe  
  15  0:37  Assimilator  
  15  0:40  Probe  
  16  0:47  Gateway  
  17  0:50  Probe  
  18  0:58  Probe  
  19  1:06  Probe  
  20  1:25  Nexus  
  20  1:35  Cybernetics Core  
  20  1:38  Probe  
  21  1:44  Assimilator  
  21  1:50  Probe  
  22  1:54  Pylon  
  22  2:02  Probe  
  22  2:03  Adept  
  23  2:15  Probe  
  26  2:17  Stargate  
  26  2:24  Warp Gate  
  26  2:27  Probe  
  26  2:29  Adept  
  29  2:37  Probe  
  29  2:39  Probe  
  31  2:49  Probe  
  31  2:50  Oracle  
  31  2:51  Probe  
  35  2:58  Adept  
  35  3:05  Probe x2  
  40  3:13  Pylon  
  40  3:17  Probe x2  
  40  3:18  Phoenix  
  42  3:23  Assimilator  
  42  3:25  Assimilator  
  44  3:29  Probe  
  44  3:30  Probe  
  46  3:41  Probe, Robotics Facility  
  46  3:42  Probe  
  48  3:52  Probe  
  48  3:53  Probe  
  50  4:00  Probe  
  50  4:01  Twilight Council  
  50  4:06  Probe  
  50  4:07  Pylon  
  53  4:18  Warp Prism  
  53  4:23  Gateway  
  53  4:24  Gateway x2  
  54  4:32  Zealot, Probe  
  54  4:33  Probe  
  58  4:40  Templar Archives  
  58  4:48  Pylon  
  58  4:51  Probe  
  58  4:52  Forge, Probe  
  60  5:05  Nexus  
  60  5:11  Probe x2  
  62  5:15  Pylon  
  62  5:24  Protoss Ground Weapons Level 1  
  62  5:27  High Templar x4  
  70  5:28  Charge  
  70  5:32  Pylon, Archon x2  
  70  5:34  Pylon  
  70  5:35  Probe x2  
  72  5:43  Observer  
  72  5:47  Probe x2  
  74  5:57  Robotics Facility  
  74  6:02  Sentry x2  
  78  6:06  Probe x2  
  78  6:07  Gateway  
  78  6:10  Gateway  
  84  6:11  Immortal  
  84  6:16  Zealot  
  84  6:17  Probe  
  84  6:18  Probe  
  88  6:19  Probe  
  89  6:29  Probe  
  89  6:30  Probe  
  89  6:31  Probe  
  89  6:32  Zealot  
  93  6:38  Zealot  
  95  6:41  Probe  
  95  6:42  Probe  
  95  6:44  Probe  
  95  6:45  Immortal  
  102  6:50  Immortal  
  102  6:53  Probe  
  107  6:54  Probe  
  107  7:00  Probe  
  109  7:02  Protoss Ground Weapons Level 2  
  109  7:09  Assimilator  
  109  7:10  Pylon, Assimilator  
  109  7:13  Pylon  
  109  7:21  Immortal  
  109  7:25  Photon Cannon  
  109  7:27  Photon Cannon  
  109  7:28  Probe x2  
  111  7:31  Immortal  
  111  7:33  Observer  
  115  7:38  Psionic Storm  
  115  7:39  Probe  
  115  7:40  Probe x2  
  122  7:44  Pylon  
  122  7:45  Pylon  
  122  7:50  High Templar  
  124  7:52  Immortal  
  124  7:53  Shield Battery  
  124  7:54  Pylon  
  124  8:00  Immortal  
  124  8:03  High Templar x2  
  132  8:09  Pylon  
  136  8:13  Pylon, High Templar  
  136  8:17  Pylon, Zealot x2  
  136  8:18  Pylon  
  140  8:31  Shield Battery  
  140  8:33  Zealot  
  142  8:35  Shield Battery  
  142  8:36  Immortal  
  142  8:39  Immortal  
  148  8:41  Zealot x2  
  152  8:57  High Templar x2  
  152  8:58  Zealot x2  
  154  9:12  Immortal  
  154  9:14  Phoenix  
  146  9:26  Zealot  
  136  9:34  Zealot x4, Immortal  
  136  9:38  Immortal  
  142  9:46  Cybernetics Core  
  146  9:58  Zealot  
  146  9:59  Zealot x4  
  140  10:16  Gateway  
  140  10:20  Gateway  
  140  10:21  Zealot x5  
  139  10:36  Probe x2  
  122  10:43  High Templar x3  
Tags
 
Add a new tag
Caveats
  • Supply blocks, unpowered buildings, or Contaminate may cause inaccurate times.
  • Supply counts are checked every 10 seconds.